 Dungeon Crawl Stone Soup version 0.30.0-10-gfe55d96785 (webtiles) character file.

Game seed: 5398333554026919596

93 2FriedEggs the Magician (level 4, -5/33 HPs)
             Began as a Demigod Air Elementalist on May 14, 2023.
             Killed from afar by Natasha (9 damage)
             ... with a bolt of dispelling energy
             ... on level 3 of the Dungeon.
             The game lasted 00:06:41 (2770 turns).

2FriedEggs the Magician (Demigod Air Elementalist)  Turns: 2770, Time: 00:06:41

Health: -5/33      AC:  3    Str:  9    XL:     4   Next: 14%
Magic:  12/12      EV: 17    Int: 21    God:
Gold:   156        SH:  0    Dex: 14    Spells: 3/10 levels left

rFire   . . .        c - +1 short sword (venom)
rCold   . . .        (no shield)
rNeg    . . .        a - +0 robe
rPois   .            o - +0 helmet
rElec   .            (no cloak)
rCorr   .            (no gloves)
SInv    .            (no boots)
Will    .....        (no amulet)
Stlth   +            k - +5 ring of evasion
HPRegen 0.25/turn    (no ring)
MPRegen 0.13/turn

%: no passive effects
@: very slow
A: high MP 1, forlorn, divine attributes
a: no special abilities


You were on level 3 of the Dungeon.
You visited 1 branch of the dungeon, and saw 3 of its levels.

You collected 156 gold pieces.

Inventory:

Hand Weapons
 c - a +1 short sword of venom (weapon)
Armour
 a - a +0 robe (worn)
 o - a +0 helmet (worn)
 q - a +0 leather armour
 t - a +0 ring mail of fire resistance
Jewellery
 k - a +5 ring of evasion (left hand)
Scrolls
 f - a scroll of magic mapping {unknown}
 h - 2 scrolls of teleportation {unknown}
 i - a scroll of vulnerability {unknown}
 j - 2 scrolls of amnesia {unknown}
 l - a scroll of butterflies {unknown}
 n - a scroll of fog {unknown}
 p - a scroll of identify {unknown}
 s - a scroll of immolation {unknown}
Potions
 b - a potion of magic
 d - a potion of curing
 e - 2 potions of heal wounds {unknown}
 g - 2 potions of attraction {unknown}
 m - 2 potions of resistance {unknown}
 r - a potion of invisibility {unknown}
 u - a potion of haste {unknown}
 v - a potion of brilliance {unknown}


   Skills:
 - Level 1.9 Dodging
 - Level 1.9 Stealth
 + Level 3.7 Spellcasting
 - Level 1.0 Conjurations
 - Level 2.7 Air Magic


You had 3 spell levels left.
You knew the following spells:

 Your Spells              Type           Power      Damage    Failure   Level
a - Shock                 Conj/Air       48%        1d6       5%          1
b - Static Discharge      Conj/Air       24%        2-3/arc   9%          2
c - Airstrike             Air            7%         2d(2-18)  36%         4

Your spell library contained the following spells:

 Spells                   Type           Power      Damage    Failure   Level
 Beastly Appendage        Tmut           6%         N/A       12%         1
 Necrotise                Necr           12%        1d4       12%         1
 Swiftness                Air            15%        N/A       12%         3
 Scorch                   Fire           6%         2d5       19%         2
 Wereblood                Tmut           3%         N/A       19%         2
 Dazzling Flash           Conj/Hex       12%        N/A       30%         3
 Spider Form              Tmut/Pois      3%         N/A       36%         3
 Vampiric Draining        Necr           3%         2d6       36%         3
 Flame Wave               Conj/Fire      6%         2d5       69%         4
 Silence                  Hex/Air        4%         N/A       89%         5
 Agony                    Necr           3%         N/A       98%         5
 Summon Cactus Giant      Summ           1%         N/A       100%        6


Dungeon Overview and Level Annotations

Branches:
Dungeon (3/15)

Shops:
D:1 :   D:2 (

Annotations:
D:3 Natasha


Innate Abilities, Weirdness & Mutations

You have an increased reservoir of magic. (+10% MP)
You shall have no god before yourself.
Your divine heritage dramatically boosts your attributes as you level up.


Message History

Casting: Shock (safe; 5% risk of failure)
Confirm with . or Enter, or press ? or * to list all spells.
You can't see any susceptible monsters within range! (Use Z to cast anyway.)
A nearby plant withers and dies.
You now have 144 gold pieces (gained 10).
You now have 156 gold pieces (gained 12).
You enter the shallow water.
Moving in this stuff is going to be slow.
Found a mace.
You enter the shallow water.
Moving in this stuff is going to be slow.
You enter the shallow water.
Moving in this stuff is going to be slow.
A quokka simulacrum and Natasha come into view.
Natasha is carrying a wand of quicksilver (6).
Natasha hisses angrily.
A hound skeleton comes into view.
The quokka simulacrum moves out of view.
There are monsters nearby!
There are monsters nearby!
Something bites the withered plant.
The withered plant begins to crumble.
Natasha mewls in sadness.
Natasha zaps a wand.
The bolt of dispelling energy hits you!
Something bites the withered plant.
You enter the shallow water.
Moving in this stuff is going to be slow.
You see here a +0 dagger.
Natasha zaps a wand.
The bolt of dispelling energy hits you!!
Ouch! That really hurt!
* * * LOW HITPOINT WARNING * * *
Okay, then.
It was a potion of curing.
You feel better.
Natasha zaps a wand.
The bolt of dispelling energy misses you.
A frilled lizard comes into view.
Natasha stares at you and mumbles some strange words.
The magic dart hits you!
* * * LOW HITPOINT WARNING * * *
Natasha zaps a wand.
The bolt of dispelling energy hits you!
You die...

####..~~..P♣~#
###.^..~~~..~~♣♣
###...~~♣PP~...P~♣♣
#...#♣h~~~~....~~~♣
♣♣..##~~~P~~....P~P♣
♣P..##♣~~)~~~...~~~♣
♣P..♣# ♣~~≈~P♣~..~~~♣
♣h..♣ #♣~~~≈~~...~P~♣
♣P.P♣ #P~≈~≈~@....~~♣
♣..P♣ ##~~≈~~~...~~~♣
P.P♣♣ ##~~≈~P....~~#
P... ...~~≈~~~...P###
####### .Z.P♣
###♣~~~†l......#
#......
♣~~~~~...##.###......
#♣~~~P##.............
♣~~~♣######.##.....)
#~~P #.###..#<.


You could see Natasha and a frilled lizard (wandering).

Vanquished Creatures
  2 adders (D:2)
  A worm (D:2)
  3 dart slugs
  3 orcs (D:3)
  8 bats
  2 endoplasms
  2 giant cockroaches
  6 goblins
  7 hobgoblins
  3 jackals (D:3)
  6 kobolds
  3 quokkas
  3 ball pythons (D:2)
  A frilled lizard (D:3)
  10 rats
60 creatures vanquished.

Notes
Turn   | Place    | Note
-------+----------+-------------------------------------------
     0 | D:1      | 2FriedEggs the Demigod Air Elementalist began the quest for
                  | the Orb.
     0 | D:1      | Reached XP level 1. HP: 14/14 MP: 5/5
    67 | D:1      | Reached skill level 1 in Conjurations
   169 | D:1      | Found Kuaqeyna's Book Emporium.
   188 | D:1      | Reached skill level 2 in Spellcasting
   256 | D:1      | Reached XP level 2. HP: 20/20 MP: 1/7
  1148 | D:2      | Reached XP level 3. HP: 24/26 MP: 2/10
  1155 | D:2      | Reached skill level 3 in Spellcasting
  1302 | D:2      | Found Kuwuidacw's Weapon Boutique.
  1672 | D:2      | Learned a level 2 spell: Static Discharge
  2432 | D:3      | Reached XP level 4. HP: 33/33 MP: 6/12
  2567 | D:3      | Learned a level 4 spell: Airstrike
  2759 | D:3      | Noticed Natasha
  2770 | D:3      | Killed from afar by Natasha

Illustrated notes

Levels and vault maps discovered:
D:1:      amcnicky_arrival_underground_garden, layout_basic, serial_shops, shop
D:2:      layout_basic, serial_shops, shop, ebering_ecumenical_altar_petrified,
          minmay_nonomino_d4
D:3:      layout_rooms, serial_bayou, serial_bayou_lagoon_b,
          serial_bayou_lagoon_a, serial_bayou_ford_a, serial_bayou_pond_a,
          dilly_guarded_unrand_morg

Skill      XL: |  1  2  3 |
---------------+----------+-----
Conjurations   | 1 |  1.0
Spellcasting   | 2 3 |  3.7
Dodging        | |  1.9
Stealth        | |  1.9
Air Magic      | |  2.7

Action                     |  1- 3 |  4- 6 || total
---------------------------+-------+-------++-------
  Melee: Short sword       |    18 |       ||    18
   Cast: Shock             |   118 |    21 ||   139
    Use: Potion            |       |     1 ||     1
 Armour: Robe              |     8 |     1 ||     9
  Dodge: Dodged            |    32 |     4 ||    36
